 Dungeon Crawl Stone Soup version 0.21.1-1-g345015f (webtiles) character file.

666 4thArraOfDagon the Cleaver (level 7, -7/62 HPs)
             Began as a Deep Dwarf Monk on June 8, 2018.
             Killed from afar by an orc wizard (8 damage)
             ... with a puff of flame
             ... on level 7 of the Dungeon.
             The game lasted 00:06:02 (1274 turns).

4thArraOfDagon the Cleaver (Deep Dwarf Monk)        Turns: 1274, Time: 00:06:04

Health: -7/62      AC:  5    Str: 15    XL:     7   Next: 31%
Magic:  7/7        EV: 12    Int: 12    God:
Gold:   53         SH:  0    Dex: 15    Spells: 6/6 levels left

rFire    . . .     SeeInvis .   a - +0 hand axe
rCold    . . .     Gourm    .   (no shield)
rNeg     . . .     Faith    .   d - +0 ring mail
rPois    .         Spirit   .   (no helmet)
rElec    .         Reflect  .   (no cloak)
rCorr    .         Harm     .   (no gloves)
MR       +....                  (no boots)
Stlth    +.........             (no amulet)
HPRegen  0.00/turn              (no ring)
MPRegen  0.10/turn              (no ring)

@: non-regenerating
A: damage resistance, heal wounds, sense surroundings 1, no regeneration
a: Heal Wounds


You were on level 7 of the Dungeon.
You were not hungry.

You visited 1 branch of the dungeon, and saw 7 of its levels.

You collected 53 gold pieces.

Inventory:

Hand Weapons
 a - a +0 hand axe (weapon)
Armour
 b - a +0 robe
 d - a +0 ring mail (worn)
Wands
 j - a wand of iceblast (5)
Scrolls
 o - a scroll of teleportation
Potions
 e - 3 potions of curing {unknown}
 f - a potion of brilliance {unknown}
 h - a potion of mutation {unknown}
 i - a potion of lignification {unknown}
 m - a potion of magic {unknown}
Comestibles
 c - 4 rations
 g - a chunk of flesh


   Skills:
 - Level 3.0 Fighting
 * Level 9.3 Axes
 - Level 3.2 Dodging
 - Level 2.4 Stealth


You had 6 spell levels left.
You didn't know any spells.

Dungeon Overview and Level Annotations

Branches:
Dungeon (7/15)
 Temple: D:4-7

Altars:
Ashenzari
Elyvilon
Fedhas
Gozag
Hepliaklqana
Kikubaaqudgha
Makhleb
Okawaru
Sif Muna
Uskayaw
Wu Jian
Zin

Annotations:
D:6 4thArraOfDagon's ghost, weakling DDNe


Innate Abilities, Weirdness & Mutations

You are resistant to damage.
You can heal yourself by infusing magical energy.
You passively map a small area around you.
You do not regenerate.


Message History

Eat one of 2 chunks of flesh? (ye/n/q)
You eat one of the 2 chunks of flesh.
This raw flesh tastes terrible.
An orc wizard comes into view. It is wielding a dagger.
Found a stone staircase leading down.
Unknown command.
Unknown command.
Unknown command.
You slash the orc!
You kill the orc!
You see here a ring mail.
Unknown command.
An orc warrior comes into view. It is wielding a scimitar.
The orc wizard shouts!
The orc warrior throws a tomahawk.
The tomahawk hits you!
* * * LOW HITPOINT WARNING * * *
You see here a tomahawk.
The orc warrior throws a tomahawk.
The tomahawk closely misses you.
The orc wizard points at you and mumbles some strange words.
The puff of flame hits you!
You die...

+.....+....# .....
#.....#....#
.....#####....###'###
#........#....##...##
#..o.....#..........#
#....<.>.#.......(..#
#........+..........#
,
#........#....#######
,
#o.....@(####'#.....#
*
######+#(.......†...#
* , #............# ,
,, #.[..........# *
,* #............# *
,, *########.....# ,
, , * #.....# , ,,,
#.....# , * * #.....#


You could see an orc warrior and an orc wizard.

Vanquished Creatures
  A sky beast (D:5)
  A centaur (D:5)
  3 howler monkeys (D:7)
  A bullfrog zombie (D:5)
  A crimson imp (D:7)
  3 centaur zombies
  An orc wizard (D:7)
  3 worker ants
  A hound zombie (D:7)
  2 worker ant zombies
  3 adders
  A howler monkey skeleton (D:5)
  3 leopard geckos
  4 orcs (D:7)
  3 giant cockroaches
  3 goblins
  A hobgoblin (D:1)
  3 jackals (D:1)
  2 quokkas (D:7)
  A giant cockroach zombie (D:5)
  2 jackal skeletons
  A jackal zombie (D:5)
  2 kobolds
  A quokka skeleton (D:4)
47 creatures vanquished.

Notes
Turn   | Place    | Note
-------+----------+-------------------------------------------
     0 | D:1      | 4thArraOfDagon the Deep Dwarf Monk began the quest for the Orb.
     0 | D:1      | Reached XP level 1. HP: 20/20 MP: 1/1
    69 | D:1      | nice lab
   176 | D:2      | Reached XP level 2. HP: 18/27 MP: 2/2
   178 | D:2      | Found an opulent altar of Gozag.
   180 | D:2      | Found a hide-covered altar of Uskayaw.
   181 | D:2      | Found a hazy altar of Hepliaklqana.
   187 | D:2      | Reached skill level 4 in Axes
   299 | D:4      | Reached XP level 3. HP: 16/34 MP: 3/3
   396 | D:4      | Reached skill level 5 in Axes
   396 | D:4      | Reached XP level 4. HP: 19/42 MP: 4/4
   431 | D:5      | Entered Level 5 of the Dungeon
   531 | D:5      | Found a white marble altar of Elyvilon.
   531 | D:5      | Found a deep blue altar of Sif Muna.
   531 | D:5      | Found an ancient bone altar of Kikubaaqudgha.
   531 | D:5      | Found an iron altar of Okawaru.
   536 | D:5      | Noticed a sky beast
   536 | D:5      | Noticed a centaur
   537 | D:5      | Found an ornate altar of the Wu Jian Council.
   537 | D:5      | Found a blossoming altar of Fedhas.
   539 | D:5      | Killed a centaur
   539 | D:5      | Reached skill level 6 in Axes
   539 | D:5      | Reached XP level 5. HP: 28/49 MP: 5/5
   543 | D:5      | Killed a sky beast
   543 | D:5      | Reached skill level 7 in Axes
   543 | D:5      | Reached XP level 6. HP: 32/56 MP: 6/6
   657 | D:5      | Found a glowing silver altar of Zin.
   663 | D:6      | Noticed an ice beast
   793 | D:6      | Noticed 4thArraOfDagon's ghost (weakling DDNe)
   835 | D:6      | Found a shattered altar of Ashenzari.
   835 | D:6      | Found a burning altar of Makhleb.
   842 | D:6      | ofc
   945 | D:7      | Reached skill level 8 in Axes
  1131 | D:7      | Reached XP level 7. HP: 34/62 MP: 7/7
  1137 | D:7      | Noticed a hippogriff
  1214 | D:7      | Reached skill level 9 in Axes
  1273 | D:7      | HP: 1/62 [orc warrior/tomahawk (13)]
  1274 | D:7      | Killed from afar by an orc wizard

Skill      XL: |  1  2  3  4  5  6  7 |
---------------+----------------------+-----
Fighting       | 3 |  3.0
Axes           | 4 5 6 7 8 9 |  9.3
Dodging        | |  3.2
Stealth        | |  2.4

Action                   |  1- 3 |  4- 6 |  7- 9 || total
-------------------------+-------+-------+-------++-------
Melee: Hand axe          |    69 |   120 |    32 ||   221
 Abil: Heal Wounds       |       |     3 |       ||     3
Evoke: Wand              |       |     5 |       ||     5
  Use: Scroll            |     2 |     4 |       ||     6
       Potion            |       |     1 |       ||     1
 Stab: Sleeping          |     1 |       |       ||     1
  Eat: Chunk             |       |       |     2 ||     2
Armor: Ring mail         |    16 |    42 |    16 ||    74
       Robe              |     1 |       |       ||     1
Dodge: Dodged            |    45 |    97 |    23 ||   165
